 Dungeon Crawl Stone Soup version 0.25-a0-299-gced51cc (webtiles) character file.

Game seed: 10189900273782300199, levelgen mode: deterministic

8970 15 the Zephyrmancer (level 11, -20/57 HPs)
             Began as a Tengu Air Elementalist on Dec 18, 2019.
             Was a Priest of Vehumet.
             Demolished by a skeletal warrior
             ... wielding a +0 battleaxe
             ... led by a skeletal warrior
              (22 damage)
             ... on level 10 of the Dungeon on Dec 19, 2019.
             The game lasted 01:10:51 (13248 turns).

15 the Zephyrmancer (Tengu Air Elementalist)       Turns: 13248, Time: 01:10:52

Health: -20/57     AC:  5    Str: 11    XL:     11   Next: 39%
Magic:  11/23      EV: 16    Int: 16    God:    Vehumet [***...]
Gold:   487        SH:  0    Dex: 15    Spells: 2/25 levels left

rFire    + . .     SeeInvis .   x - +4 dire flail (holy)
rCold    + . .     Gourm    .   (shield currently unavailable)
rNeg     . . .     Faith    .   K - +0 leather armour
rPois    .         Spirit   .   (helmet restricted)
rElec    .         Reflect  .   (no cloak)
rCorr    .         Harm     .   e - +0 pair of gloves
MR       .....                  (boots unavailable)
Stlth    ++........             (no amulet)
HPRegen  0.19/turn              m - ring of protection from fire
MPRegen  0.18/turn              b - ring of protection from cold

@: sluggish, flying quickly and evasively, very slow
A: beak, talons 3, able to fly
a: Stop Flying, Renounce Religion


You were on level 10 of the Dungeon.
You worshipped Vehumet.
Vehumet was most pleased with you.
You were hungry.

You visited 2 branches of the dungeon, and saw 12 of its levels.
You also visited: Sewer.

You collected 487 gold pieces.

Inventory:

Hand Weapons
 i - a +0 short sword
 n - a +1 halberd of protection
 x - a +4 dire flail of holy wrath (weapon)
 A - a +2 trident of flaming
 J - the +8 hand axe of Sunlight {speed, +Inv rPois Dex+4}
   (You found it on level 11 of the Dungeon)

   Attacks with this weapon are significantly faster.
   It affects your dexterity (+4).
   It protects you from poison.
   It lets you turn invisible.
Missiles
 h - 285 stones (quivered)
Armour
 a - a +0 robe
 e - a +0 pair of gloves (worn)
 K - a +0 leather armour (worn)
Magical Staves
 C - an uncursed staff of death
 I - an uncursed staff of cold
Jewellery
 b - a ring of protection from cold (right hand)
 m - a ring of protection from fire (left hand)
 u - a +1 ring of evasion
Wands
 w - a wand of acid (10)
 y - a wand of enslavement (11)
 D - a wand of scattershot (6)
 G - a wand of iceblast (4)
Scrolls
 d - a scroll of magic mapping
 f - 2 scrolls of remove curse
 g - a scroll of identify
 k - 2 scrolls of amnesia
 l - 2 scrolls of teleportation
 s - a scroll of immolation {unknown}
 t - 3 scrolls of enchant armour
 v - 2 scrolls of fear
 F - a scroll of fog {unknown}
Potions
 j - 3 potions of cancellation
 o - a potion of magic
 p - 4 potions of curing
 r - a potion of heal wounds
 z - a potion of ambrosia
 E - a potion of brilliance
Miscellaneous
 B - a sack of spiders
Comestibles
 c - 18 rations
 H - 2 chunks of flesh


   Skills:
 + Level 2.1 Fighting
 + Level 0.9 Short Blades
 + Level 2.7 Maces & Flails
 + Level 5.2 Polearms
 * Level 7.8 Armour
 + Level 4.3 Dodging
 + Level 3.8 Stealth
 + Level 7.9 Spellcasting
 * Level 8.0 Conjurations
 * Level 2.5 Fire Magic
 + Level 11.0 Air Magic
 + Level 0.4 Earth Magic
 * Level 3.4 Evocations


You had 2 spell levels left.
You knew the following spells:

 Your Spells              Type           Power        Failure   Level  Hunger
a - Shock                 Conj/Air       ####         1%          1    None
b - Swiftness             Chrm/Air       ###.....     2%          2    None
c - Static Discharge      Conj/Air       #####...     1%          3    ##.....
d - Airstrike             Air            #####.....   1%          4    ####...
e - Lightning Bolt        Conj/Air       #####.....   2%          5    #####..
f - Sandblast             Erth           #.....       3%          1    None
g - Conjure Flame         Conj/Fire      ###.....     1%          3    ##.....
h - Hailstorm             Conj/Ice       ###.....     7%          4    ####...

Your spell library contained the following spells:

 Spells                   Type           Power        Failure   Level  Hunger
 Stone Arrow              Conj/Erth      ###...       2%          3    ##.....
 Freeze                   Ice            #...         4%          1    None
 Corona                   Hex            #......      14%         1    None
 Slow                     Hex            #.......     22%         2    None
 Inner Flame              Hex/Fire       ##......     7%          3    ##.....
 Ozocubu's Armour         Chrm/Ice       #.......     38%         3    ##.....
 Portal Projectile        Hex/Tloc       #.....       41%         3    ##.....
 Leda's Liquefaction      Hex/Erth       #.........   78%         4    ####...
 Cause Fear               Hex            #.........   82%         4    ####...
 Summon Ice Beast         Ice/Summ       #.......     82%         4    ####...


Dungeon Overview and Level Annotations

Branches:
Dungeon (11/15)            Temple (1/1) D:6            Lair (0/6) D:10
  Sewer (visited)
    Orc: D:9-12

Altars:
Ashenzari
Cheibriados
Dithmenos
Elyvilon
Fedhas
Gozag
Hepliaklqana
Kikubaaqudgha
Makhleb
Nemelex Xobeh
Okawaru
Qazlal
Ru
Sif Muna
Trog
Uskayaw
Vehumet
Wu Jian
Xom
Yredelemnul
Zin
The Shining One


Innate Abilities, Weirdness & Mutations

You have a beak for a mouth.
You have claws for feet.
You can fly continuously.


Message History

Confirm with . or Enter, or press ? or * to list all spells.
This spell is already in effect.
Casting: Swiftness (safe; 2% risk of failure)
Confirm with . or Enter, or press ? or * to list all spells.
The fire begins to smolder!
You are feeling hungry.
You feel sluggish.
The fire ignites!
You hit the skeletal warrior but do no damage.
Your kick misses the skeletal warrior. You peck the skeletal warrior.
The skeletal warrior is heavily damaged.
The skeletal warrior hits you with a +0 battleaxe!!
* * * LOW HITPOINT WARNING * * *
Okay, then.
As you read the scroll labeled OSHRISS INGYASU, it crumbles to dust.
It is a scroll of enchant weapon.
Your +3 dire flail of holy wrath glows red for a moment.
You start to feel a little faster.
The skeletal warrior hits you with a +0 battleaxe!!
You die...

#.....#..........
#.....#...<......
#<....#..........
#.....#..........
######.....#...#######
#.....######...##.....
#...ยง.#..............[
#....z#...............
#....@#...............
#.....'...............
#.....#...............
#.....#...............
#.....#...............
#.....##..#######.....
############...#####'#
#....................
#....................


You could see a skeletal warrior.

Vanquished Creatures
  A death knight (D:11)
  A two-headed ogre (D:11)
  A skeletal warrior (D:10)
  A cyclops (D:11)
  Grinder (D:3)
  Prince Ribbit (D:8)
  A hippogriff (D:10)
  3 yaks (D:11)
  A spriggan (D:8)
  4 wyverns
  A basilisk (D:10)
  2 water moccasins
  4 sky beasts
  A swamp drake (D:10)
  An orc warrior (D:8)
  6 ogres
  2 black bears (D:9)
  2 phantoms
  5 centaurs
  2 crocodiles (D:10)
  8 big kobolds
  Blork the orc (D:6)
  4 bullfrogs
  A wyvern skeleton (D:8)
  A water moccasin skeleton (D:9)
  5 killer bees
  3 howler monkeys
  4 crimson imps
  2 centaur zombies
  A jelly (D:11)
  A bullfrog zombie (D:11)
  3 hounds
  5 orc priests
  4 iguanas
  7 orc wizards
  Terence (D:3)
  6 worker ants
  A howler monkey skeleton (D:11)
  9 adders
  3 river rats (Sewer)
  A shadow imp (D:10)
  4 oozes
  2 adder skeletons
  4 worms
  4 dart slugs
  7 leopard geckos
  24 orcs
  4 bats
  4 giant cockroaches
  4 goblins (D:1)
  6 hobgoblins
  4 quokkas
  6 ball pythons
  4 frilled lizards
  20 kobolds
  A leopard gecko zombie (D:5)
  2 quokka skeletons
  12 rats
224 creatures vanquished.

Notes
Turn   | Place    | Note
-------+----------+-------------------------------------------
     0 | D:1      | 15 the Tengu Air Elementalist began the quest for the Orb.
     0 | D:1      | Reached XP level 1. HP: 10/10 MP: 4/4
   126 | D:1      | Reached XP level 2. HP: 10/15 MP: 1/6
   174 | D:1      | Learned a level 2 spell: Swiftness
   515 | D:1      | Reached XP level 3. HP: 12/19 MP: 4/7
   520 | D:1      | Learned a level 3 spell: Static Discharge
   944 | D:2      | Found a sparkling altar of Nemelex Xobeh.
  1545 | D:3      | Found a faded altar of an unknown god.
  1612 | D:3      | Found an ancient bone altar of Kikubaaqudgha.
  1797 | D:3      | Found a glowing drain.
  1800 | D:3      | Noticed Terence
  1813 | D:3      | Killed Terence
  1813 | D:3      | Reached XP level 4. HP: 24/24 MP: 1/8
  1841 | D:3      | Reached skill level 1 in Armour
  1862 | Sewer    | Entered a sewer
  2108 | Sewer    | Reached skill level 1 in Polearms
  2190 | Sewer    | Noticed a big kobold
  2207 | Sewer    | Killed a big kobold
  2207 | Sewer    | Gained mutation: You can fly continuously. [Tengu growth]
  2207 | Sewer    | Reached XP level 5. HP: 10/28 MP: 5/9
  2416 | Sewer    | Noticed a big kobold
  2427 | Sewer    | Killed a big kobold
  2428 | Sewer    | Reached XP level 6. HP: 33/33 MP: 0/11
  2545 | Sewer    | Learned a level 4 spell: Airstrike
  2838 | Sewer    | Reached skill level 5 in Air Magic
  3038 | Sewer    | Reached XP level 7. HP: 37/37 MP: 5/12
  3187 | D:3      | Noticed Grinder
  3661 | D:3      | Paralysed by Grinder for 2 turns
  3668 | D:3      | Killed Grinder
  3668 | D:3      | Reached skill level 1 in Fighting
  3782 | D:4      | Reached skill level 6 in Air Magic
  3794 | D:4      | Found a stormy altar of Qazlal.
  3883 | D:4      | Reached XP level 8. HP: 43/43 MP: 5/14
  4546 | D:5      | Entered Level 5 of the Dungeon
  4737 | D:5      | Found a radiant altar of Vehumet.
  4742 | D:5      | Became a worshipper of Vehumet
  4751 | D:5      | Found a glowing golden altar of the Shining One.
  4782 | D:5      | Learned a level 5 spell: Lightning Bolt
  4937 | D:5      | Found a white marble altar of Elyvilon.
  5257 | D:6      | Noticed Blork the orc
  5261 | D:6      | Killed Blork the orc
  5309 | D:6      | Found a staircase to the Ecumenical Temple.
  5343 | D:6      | Reached skill level 7 in Air Magic
  5371 | Temple   | Entered the Ecumenical Temple
  5728 | D:6      | Reached skill level 5 in Conjurations
  5814 | D:6      | Reached skill level 1 in Maces & Flails
  5818 | D:6      | Got an ancient chain mail
  5829 | D:6      | Identified the cursed +1 chain mail of Evolution {rN++ MR-
                  | Regen+ Dex+2} (You found it on level 6 of the Dungeon)
  5849 | D:6      | Reached XP level 9. HP: 15/47 MP: 0/17
  6099 | D:6      | Reached skill level 5 in Armour
  6207 | D:5      | Noticed a rust devil
  6207 | D:5      | Noticed a rust devil
  6557 | D:6      | Reached * piety under Vehumet
  6557 | D:6      | Offered knowledge of Sandblast by Vehumet.
  6560 | D:6      | Reached skill level 5 in Spellcasting
  6575 | D:6      | Learned a level 1 spell: Sandblast
  6947 | D:7      | Found a shimmering altar of Xom.
  7003 | D:7      | Found a shimmering altar of Xom.
  7004 | D:7      | Found a shimmering altar of Xom.
  7005 | D:7      | Found a shimmering altar of Xom.
  7007 | D:7      | Found a shimmering altar of Xom.
  7007 | D:7      | Found a shimmering altar of Xom.
  7010 | D:7      | Found a shimmering altar of Xom.
  7402 | D:7      | Found a blossoming altar of Fedhas.
  7863 | D:8      | Noticed Prince Ribbit
  8001 | D:8      | Reached skill level 8 in Air Magic
  8296 | D:8      | Killed Prince Ribbit
  9166 | D:9      | Reached XP level 10. HP: 47/53 MP: 0/20
  9307 | D:9      | Reached skill level 9 in Air Magic
  9815 | D:10     | Entered Level 10 of the Dungeon
  9869 | D:10     | Reached ** piety under Vehumet
  9869 | D:10     | Offered knowledge of Magic Dart by Vehumet.
 10699 | D:10     | Offered knowledge of Conjure Flame by Vehumet.
 10699 | D:10     | Reached skill level 1 in Evocations
 10764 | D:10     | Learned a level 3 spell: Conjure Flame
 11086 | D:10     | Found a staircase to the Lair.
 11481 | D:11     | Noticed a two-headed ogre
 11640 | D:11     | Reached *** piety under Vehumet
 11650 | D:11     | Reached skill level 10 in Air Magic
 11804 | D:11     | Killed a two-headed ogre
 11804 | D:11     | Reached skill level 1 in Fire Magic
 11804 | D:11     | Reached XP level 11. HP: 41/57 MP: 10/23
 11879 | D:11     | Learned a level 4 spell: Hailstorm
 11898 | D:11     | Noticed a death knight
 11949 | D:11     | Killed a death knight
 11949 | D:11     | Reached skill level 5 in Polearms
 12232 | D:11     | Noticed a cyclops
 12237 | D:11     | Killed a cyclops
 12307 | D:11     | Got a warped hand axe
 12308 | D:11     | Identified the +8 hand axe of Sunlight {speed, +Inv rPois
                  | Dex+4} (You found it on level 11 of the Dungeon)
 12331 | D:11     | Noticed a skeletal warrior
 12503 | D:11     | Upgraded the game from 0.25-a0-294-gea9b1ad to
                  | 0.25-a0-299-gced51cc
 12517 | D:11     | Offered knowledge of Stone Arrow by Vehumet.
 12561 | D:11     | Noticed a skeletal warrior
 12573 | D:11     | Noticed a skeletal warrior
 12573 | D:11     | Noticed a skeletal warrior
 12574 | D:11     | Noticed a skeletal warrior
 12905 | D:10     | HP: 1/57 [skeletal warrior/+0 scimitar (17)]
 12910 | D:10     | Killed a skeletal warrior
 12910 | D:10     | Reached skill level 11 in Air Magic
 13247 | D:10     | HP: 2/57 [skeletal warrior/+0 battleaxe[a skeletal warrior]
                  | (19)]
 13248 | D:10     | Demolished by a skeletal warrior

Levels and vault maps discovered:
D:1:      evilmike_arrival_hilbert_curve, layout_rooms, columned_hall_lemuel,
          minmay_pentomino_o4
D:2:      layout_loops_ring, nemelex_xobeh_ov_fountains_minmay
D:3:      layout_basic, kiku_gazebo_garden_becter, gup_sewer_entry_glass,
          chequers_ecumenical_altar_simple, uniq_terence, uniq_grinder
D:4:      layout_basic, lemuel_doored_altar, minmay_misc_feat_rows
D:5:      cheibrodos_iron_armory, layout_basic, overflow_temple_1_default,
          nicolae_overflow_hidden_temple, basic_altar, first_ration
D:6:      layout_cave_pods, minmay_temple_entry_butterflies, uniq_blork_the_orc
D:7:      layout_cave_pods, lemuel_coloured_pillars_altar,
          nicolae_xom_altar_mimics
D:8:      layout_layer_cave, the_bakery, uniq_prince_ribbit1
D:9:      layout_roguey
D:10:     layout_gridville, erik_lair_dragon
D:11:     minmay_the_grid_triangle_9x9_recursive_2_mashed
          [minmay_the_grid_triangle_9x9_prize_insulated,
          minmay_the_grid_triangle_9x9_skeleton,
          minmay_the_grid_triangle_9x9_tough_junction,
          minmay_the_grid_triangle_9x9_fully_insulated_deathbox],
          layout_layer_cave
Temple:   regret_index_temple_generic_petals

Skill      XL: |  1  2  3  4  5  6  7  8  9 10 11 |
---------------+----------------------------------+-----
Dodging        | 3 4 |  4.3
Armour         | 1 2 3 4 6 7 |  7.8
Polearms       | 1 2 3 4 5 |  5.2
Conjurations   | 2 4 5 6 7 8 |  8.0
Air Magic      | 5 6 7 8 10 11 | 11.0
Spellcasting   | 3 4 6 7 |  7.9
Fighting       | 1 2 |  2.1
Stealth        | 3 |  3.8
Maces & Flails | 1 2 |  2.7
Evocations     | 2 3 |  3.4
Fire Magic     | 1 2 |  2.5
Short Blades   | |  0.9
Earth Magic    | |  0.4

Action                   |  1- 3 |  4- 6 |  7- 9 | 10-12 || total
-------------------------+-------+-------+-------+-------++-------
Melee: Dagger            |    12 |       |       |       ||    12
       Kick              |    13 |     7 |    15 |    27 ||    62
       Club              |     1 |       |       |       ||     1
       Short sword       |    39 |       |     6 |    17 ||    62
       Peck              |     4 |     6 |    12 |    13 ||    35
       Halberd           |    15 |    58 |    62 |    82 ||   217
       Dire flail        |       |       |    16 |    37 ||    53
 Cast: Shock             |    47 |    53 |    67 |    73 ||   240
       Swiftness         |     1 |       |     1 |     2 ||     4
       Airstrike         |       |       |    57 |    85 ||   142
       Sandblast         |       |       |     6 |     7 ||    13
       Static Discharge  |       |       |     1 |       ||     1
       Lightning Bolt    |       |       |       |     4 ||     4
       Hailstorm         |       |       |       |     2 ||     2
       Conjure Flame     |       |       |       |     1 ||     1
 Abil: Fly               |       |     1 |       |       ||     1
  Use: Scroll            |     5 |       |    13 |     4 ||    22
       Potion            |     1 |     2 |     2 |     5 ||    10
 Stab: Sleeping          |       |       |     4 |     2 ||     6
       Invisible         |       |       |       |     3 ||     3
  Eat: Chunk             |     4 |     5 |    23 |    17 ||    49
       Ration            |       |       |     2 |     2 ||     4
Armor: Robe              |    20 |    12 |     7 |    11 ||    50
       Skin              |       |       |       |    12 ||    12
Dodge: Dodged            |    65 |    47 |    73 |   116 ||   301

Table legend:
 A = Non-vault XP
 B = Vault XP
 C = Vault XP percentage of total XP
 D = Non-vault monster count
 E = Vault monster count
 F = Vault count percentage of total count
                 A         B        C        D         E       F
            +---------+---------+-------+---------+---------+-------
      Total |   10362 |    2453 |  19.1 |     179 |      45 |  20.1
            +---------+---------+-------+---------+---------+-------
        D:1 |      48 |       4 |   7.7 |      26 |       2 |   7.1
        D:2 |      15 |       0 |   0.0 |       7 |       0 |   0.0
        D:3 |      20 |     357 |  94.7 |       9 |       6 |  40.0
        D:4 |     330 |       0 |   0.0 |       7 |       0 |   0.0
        D:5 |     353 |       0 |   0.0 |      10 |       0 |   0.0
        D:6 |     883 |      94 |   9.6 |      24 |       1 |   4.0
        D:7 |     415 |       0 |   0.0 |       6 |       0 |   0.0
        D:8 |     552 |     470 |  46.0 |      10 |       2 |  16.7
        D:9 |    1266 |       0 |   0.0 |      21 |       0 |   0.0
       D:10 |    2271 |     922 |  28.9 |      31 |       6 |  16.2
       D:11 |    4209 |       0 |   0.0 |      28 |       0 |   0.0
      Sewer |       0 |     606 | 100.0 |       0 |      28 | 100.0
            +---------+---------+-------+---------+---------+-------
